 Dungeon Crawl Stone Soup version 0.19-a0-4-ga5c5ac4 (webtiles) character file.

19229 Mefis the Thaumaturge (level 12, -9/64 HPs)
             Began as a Deep Elf Wizard on Apr 28, 2016.
             Was a High Priest of Sif Muna.
             Mangled by a catoblepas (22 damage)
             ... on level 3 of the Lair of Beasts.
             The game lasted 03:14:25 (24830 turns).

Mefis the Thaumaturge (Deep Elf Wizard)            Turns: 24830, Time: 03:14:26

Health: -9/64      AC: 10    Str:  4    XL:     12   Next: 34%
Magic:  0/27       EV: 16    Int: 29    God:    Sif Muna [*****.]
Gold:   575        SH:  4    Dex: 13    Spells: 10 memorised, 3 levels left

rFire  . . .     SeeInvis .     q - staff of poison
rCold  . . .     Gourm    .     O - +2 robe {rN+}
rNeg   + . .     Faith    .     (no shield)
rPois  +         Spirit   .     Q - +2 hat {MR+}
rElec  .         Dismiss  .     F - +2 cloak {+Inv}
rCorr  .         Reflect  +     (no gloves)
SustAt .         Harm     .     v - +0 pair of boots
MR     ++++.     Rnd*Rage +     B - +4 amulet of reflection
Stlth  ++++......               A - ring of protection from magic
                                I - ring of protection from magic

@: incredibly resistant to hostile enchantments, stealthy
A: berserk 1, robust 1
a: Channel Energy, Forget Spell, Renounce Religion, Evoke Invisibility


You were on level 3 of the Lair of Beasts.
You worshipped Sif Muna.
Sif Muna was extremely pleased with you.
You were hungry.

You visited 3 branches of the dungeon, and saw 14 of its levels.

You collected 575 gold pieces.

Inventory:

Hand Weapons
 w - a +0 shortbow
Missiles
 y - 121 arrows
 P - 12 poisoned needles
 V - 7 javelins (quivered)
Armour
 p - a +2 hat
 v - a +0 pair of boots (worn)
 z - a +2 robe of cold resistance
 F - a +2 cloak of invisibility (worn)
 O - a +2 robe of positive energy (worn)
 Q - a +2 hat of magic resistance (worn)
Magical Staves
 q - an uncursed staff of poison (weapon)
Jewellery
 n - an uncursed ring of protection from cold
 A - a ring of protection from magic (right hand)
 B - a +4 amulet of reflection (around neck)
 I - a ring of protection from magic (left hand)
Wands
 o - a wand of hasting (5/9)
 E - a wand of disintegration (11/24)
 L - a wand of teleportation (4/9)
 N - a wand of paralysis (7/24)
 Y - a wand of slowing (27/48)
Scrolls
 b - a scroll of summoning
 e - 3 scrolls of fog
 g - a scroll of teleportation
 h - 2 scrolls of recharging
 l - 4 scrolls of enchant weapon
 C - a scroll of enchant armour
 D - 6 scrolls of remove curse
 M - a scroll of brand weapon {unknown}
 S - a scroll of magic mapping {unknown}
 X - 2 scrolls of blinking {unknown}
Potions
 a - 3 potions of cancellation
 f - a potion of brilliance
 i - a potion of resistance
 k - 2 potions of cure mutation {unknown}
 m - 3 potions of curing
 s - 3 potions of degeneration {unknown}
 G - a potion of invisibility
 U - a potion of lignification {unknown}
Books
 c - a book of Minor Magic

   Spells                             Type                      Level
   a - Magic Dart                     Conjuration                  1
   b - Blink                          Translocation                2
   c - Call Imp                       Summoning                    2
   d - Repel Missiles                 Charms/Air                   2
   e - Slow                           Hexes                        2
   f - Conjure Flame                  Conjuration/Fire             3
   g - Mephitic Cloud                 Conjuration/Poison/Air       3
 u - a book of Ice

   Spells                             Type                      Level
   a - Ice Form                       Ice/Transmutation            4
   b - Metabolic Englaciation         Hexes/Ice                    5
   c - Ozocubu's Refrigeration        Ice                          6
   d - Bolt of Cold                   Conjuration/Ice              6
   e - Freezing Cloud                 Conjuration/Ice/Air          6
   f - Simulacrum                     Ice/Necromancy               6
 H - a book of Unlife

   Spells                             Type                      Level
   a - Recall                         Summoning/Translocation      3
   b - Animate Dead                   Necromancy                   4
   c - Control Undead                 Necromancy                   4
   d - Cigotuvi's Embrace             Necromancy                   5
   e - Death Channel                  Necromancy                   6
   f - Simulacrum                     Ice/Necromancy               6
 T - the Compendium of Evil Envenoming
   (You found it on level 9 of the Dungeon)

   Spells                             Type                      Level
   a - Sting                          Conjuration/Poison           1
   b - Bolt of Draining               Conjuration/Necromancy       5
   c - Venom Bolt                     Conjuration/Poison           5
   d - Cigotuvi's Embrace             Necromancy                   5
Miscellaneous
 Z - a phial of floods
Comestibles
 d - 5 bread rations
 j - 7 beef jerkies
 r - 2 meat rations
 t - 7 fruits
 J - 3 royal jellies
 K - 4 slices of pizza


   Skills:
 - Level 3.4 Staves
 - Level 3.2 Bows
 + Level 7.5 Dodging
 + Level 9.2 Stealth
 + Level 9.2 Spellcasting
 + Level 6.8 Conjurations
 + Level 7.4 Hexes
 - Level 5.9 Charms
 + Level 6.3 Summonings
 * Level 8.1 Necromancy
 - Level 4.9 Translocations
 - Level 4.7 Fire Magic
 + Level 6.1 Poison Magic
 + Level 4.8 Invocations
 - Level 5.0 Evocations


You had 3 spell levels left.
You knew the following spells:

 Your Spells              Type           Power        Failure   Level  Hunger
a - Magic Dart            Conj           ####         1%          1    None
b - Call Imp              Summ           ######..     1%          2    None
c - Blink                 Tloc           N/A          1%          2    None
d - Bolt of Draining      Conj/Necr      ######....   8%          5    ####...
e - Mephitic Cloud        Conj/Pois/Air  ######..     1%          3    None
f - Conjure Flame         Conj/Fire      #####...     1%          3    None
g - Slow                  Hex            ######..     1%          2    None
h - Repel Missiles        Chrm/Air       ####..       1%          2    None
i - Cigotuvi's Embrace    Necr           ######....   6%          5    ####...
s - Sting                 Conj/Pois      ####         1%          1    None


Dungeon Overview and Level Annotations

Branches:
Dungeon (10/15)            Temple (1/1) D:7            Lair (3/8) D:10
  Swamp: Lair:3-6    Shoals: Lair:3-6     Snake: Lair:3-6    Spider: Lair:3-6
    Orc: D:9-12

Altars:
Ashenzari
Cheibriados
Dithmenos
Elyvilon
Fedhas
Gozag
Kikubaaqudgha
Makhleb
Nemelex Xobeh
Okawaru
Pakellas
Qazlal
Ru
Sif Muna
Trog
Vehumet
Xom
Yredelemnul
Zin
The Shining One

Annotations:
D:7 Oklob Plant, exclusion: oklob plant
D:9 Invisible Stalker !


Innate Abilities, Weirdness & Mutations

You tend to lose your temper in combat.
You are robust (+10% HP).


Message History

Casting: Mephitic Cloud
Confirm with . or Enter, or press ? or * to list all spells.
Aiming: Mephitic Cloud
Press: ? - help, Shift-Dir - straight line You feel a surge of power!
The ball explodes into a vile cloud!
The stinking cloud engulfs the catoblepas.
The catoblepas is moderately wounded.
The stinking cloud engulfs the fungus. x2
The catoblepas is engulfed in noxious fumes.
The catoblepas gores you!!
* * * LOW HITPOINT WARNING * * *
Casting: Mephitic Cloud
Confirm with . or Enter, or press ? or * to list all spells.
Okay, then.
Read which item? (? for menu, Esc to quit)
As you read the scroll of summoning, it crumbles to dust.
Wisps of shadow whirl around you...
The catoblepas is engulfed in noxious fumes.
The catoblepas appears confused.
The catoblepas gores you!!
You die...

...######..PPP........(..#
.### ##.P..........#.## ##
#.#...........###
####.........##
##........# ##......##
##.F..## ##Y##### .
#@YYPP###.. ##YP§......
#.§Y....... ##P§YYY....
##§Y§...... ###..........
#..§.........
###.§.#........
##..Y###........


You could see a catoblepas (confused), 8 friendly yaks and a friendly giant
frog.

Vanquished Creatures
  Gastronok (Lair:2)
  A hydra (Lair:2)
  Urug (D:10)
  Nergalle (Lair:2)
  A black mamba (Lair:2)
  4 spiny frogs
  A komodo dragon (Lair:3)
  A troll (D:7)
  2 two-headed ogres
  5 blink frogs (Lair:2)
  A wyvern (D:8)
  Sigmund (D:3)
  2 hogs (D:7)
  A human (D:7)
  18 yaks
  Eustachio (D:6)
  A basilisk (Lair:1)
  6 hippogriffs
  A naga (Lair:3)
  5 porcupines
  6 water moccasins
  2 ice beasts
  A sky beast (D:9)
  An orc warrior (D:10)
  An eye of draining (D:8)
  5 ogres
  A necrophage (D:8)
  9 crocodiles
  7 centaurs
  10 giant frogs
  A gnoll sergeant (D:8)
  5 scorpions
  9 killer bees
  3 wights (D:10)
  5 howler monkeys
  10 jellies
  A giant frog zombie (D:5)
  A giant frog skeleton (D:4)
  6 hounds
  4 orc priests
  7 orc wizards
  13 iguanas
  5 worker ants
  2 sheep (D:7)
  A hound skeleton (D:9)
  A worker ant zombie (D:9)
  3 gnolls (D:8)
  9 adders
  33 river rats
  A shadow imp (D:6)
  8 oozes
  An adder skeleton (D:9)
  3 worms
  3 dart slugs
  5 giant geckos
  29 orcs
  3 ball pythons
  15 bats
  5 giant cockroaches
  6 goblins
  14 hobgoblins
  9 jackals
  5 kobolds
  2 quokkas
  A giant gecko zombie (D:7)
  7 giant newts
  10 rats
344 creatures vanquished.

Vanquished Creatures (collateral kills)
  Pikel (D:7)
  An oklob plant (Lair:2)
  A troll (D:9)
  6 yaks
  2 water moccasins
  An ice beast (D:10)
  An eye of draining (D:5)
  An orc warrior (D:9)
  A slave (D:8)
  A wasp (D:7)
  A phantom (D:4)
  A necrophage (D:5)
  3 centaurs
  A wyvern zombie (D:8)
  Blork the orc (D:6)
  A giant frog (D:8)
  A killer bee (D:7)
  5 wights (D:10)
  A howler monkey (D:7)
  A centaur zombie (D:9)
  A jelly (D:8)
  2 orc priests
  A giant frog skeleton (D:9)
  2 worker ants
  4 gnolls
  2 river rats
  An adder (D:7)
  An adder zombie (D:6)
  A worm (D:4)
  A giant gecko (D:6)
  7 orcs
  A jackal (D:9)
  2 bats
  A rat (D:7)
59 creatures vanquished.

Vanquished Creatures (others)
  3 slaves (D:8)
  A giant frog (D:8)
  9 fungi
  A plant (Lair:1)
14 creatures vanquished.

Grand Total: 417 creatures vanquished

Notes
Turn   | Place    | Note
--------------------------------------------------------------
     0 | D:1      | Mefis the Deep Elf Wizard began the quest for the Orb.
     0 | D:1      | Reached XP level 1. HP: 10/10 MP: 7/7
   405 | D:1      | Reached XP level 2. HP: 15/15 MP: 6/9
   409 | D:1      | Learned a level 2 spell: Call Imp
   412 | D:1      | Learned a level 2 spell: Blink
   415 | D:1      | Learned a level 2 spell: Repel Missiles
   711 | D:1      | Reached skill level 5 in Spellcasting
  1298 | D:1      | Reached XP level 3. HP: 17/19 MP: 1/11
  1303 | D:1      | Learned a level 3 spell: Mephitic Cloud
  2130 | D:2      | Reached skill level 1 in Charms
  2130 | D:2      | Reached skill level 1 in Evocations
  2192 | D:2      | Reached XP level 4. HP: 24/24 MP: 9/13
  2197 | D:2      | Learned a level 3 spell: Conjure Flame
  2210 | D:2      | Found an iron altar of Okawaru.
  2715 | D:3      | Noticed Sigmund
  2763 | D:3      | Killed Sigmund
  2763 | D:3      | Reached skill level 1 in Staves
  2763 | D:3      | Reached XP level 5. HP: 28/28 MP: 1/14
  3420 | D:4      | Reached skill level 1 in Poison Magic
  3587 | D:4      | Reached XP level 6. HP: 32/32 MP: 0/16
  3591 | D:4      | Learned a level 2 spell: Slow
  4231 | D:4      | Found an iron altar of Okawaru.
  4699 | D:5      | Entered Level 5 of the Dungeon
  4828 | D:5      | Reached skill level 1 in Fire Magic
  5014 | D:5      | Found an ancient bone altar of Kikubaaqudgha.
  5015 | D:5      | Found a blossoming altar of Fedhas.
  5030 | D:5      | Reached XP level 7. HP: 36/36 MP: 12/17
  5236 | D:5      | Found an oddly glowing altar of Pakellas.
  5326 | D:5      | Reached skill level 1 in Hexes
  5816 | D:5      | Found a bloodstained altar of Trog.
  5937 | D:6      | Noticed Eustachio
  5984 | D:6      | Killed Eustachio
  6581 | D:6      | Noticed Blork the orc
  6725 | D:7      | Found a snail-covered altar of Cheibriados.
  6737 | D:7      | Reached XP level 8. HP: 41/41 MP: 14/19
  6881 | D:6      | Reached skill level 1 in Bows
  7585 | D:6      | Killed Blork the orc
  8225 | D:7      | Reached skill level 5 in Stealth
  8442 | D:7      | Found a staircase to the Ecumenical Temple.
  8448 | Temple   | Entered the Ecumenical Temple
  8465 | Temple   | Became a worshipper of Sif Muna the Loreminder
  8535 | Temple   | Learned a level 4 spell: Animate Dead
  8819 | D:7      | Reached skill level 5 in Dodging
  8829 | D:7      | Reached XP level 9. HP: 45/45 MP: 9/21
  8886 | D:7      | Noticed a troll
  8930 | D:7      | Killed a troll
  8930 | D:7      | Reached skill level 1 in Necromancy
  9334 | D:7      | Noticed an oklob plant
  9512 | D:7      | Reached * piety under Sif Muna
  9703 | D:7      | Found a burning altar of Makhleb.
 10346 | D:7      | Found a shimmering altar of Xom.
 10953 | D:8      | Noticed Pikel
 11027 | D:7      | Killed Pikel
 11393 | D:8      | Found a sparkling altar of Nemelex Xobeh.
 11431 | D:8      | Reached skill level 1 in Invocations
 11599 | D:8      | Reached XP level 10. HP: 50/50 MP: 2/22
 12143 | D:8      | Reached skill level 5 in Charms
 12392 | D:8      | Reached ** piety under Sif Muna
 13208 | D:9      | Reached skill level 5 in Hexes
 14660 | D:9      | Gained mutation: You are robust (+10% HP). [mutagenic meat]
 14661 | D:9      | Gained mutation: You tend to lose your temper in combat. [mutagenic meat]
 14777 | D:9      | Identified the Compendium of Evil Envenoming
 14780 | D:9      | Learned a level 1 spell: Sting
 14855 | D:10     | Entered Level 10 of the Dungeon
 15013 | D:10     | Reached skill level 5 in Conjurations
 15120 | D:10     | Reached *** piety under Sif Muna
 15664 | D:10     | Learned a level 4 spell: Control Undead
 16041 | D:10     | Found a staircase to the Lair.
 16739 | D:10     | Reached skill level 5 in Evocations
 16789 | D:10     | Noticed Urug
 16894 | D:10     | Killed Urug
 17241 | Lair:1   | Entered Level 1 of the Lair of Beasts
 17248 | Lair:1   | Reached XP level 11. HP: 59/59 MP: 17/24
 17255 | Lair:1   | Learned a level 5 spell: Cigotuvi's Embrace
 17342 | Lair:1   | Reached skill level 5 in Necromancy
 17991 | Lair:1   | Reached skill level 5 in Summonings
 18680 | Lair:1   | Reached **** piety under Sif Muna
 19194 | Lair:1   | Found an oddly glowing altar of Pakellas.
 19507 | Lair:1   | Learned a level 5 spell: Bolt of Draining
 19511 | Lair:1   | Reached skill level 5 in Poison Magic
 20931 | Lair:2   | Noticed a seven-headed hydra
 20958 | Lair:2   | Killed a seven-headed hydra
 21718 | Lair:2   | Found a shimmering altar of Xom.
 21736 | Lair:2   | Noticed an oklob plant
 21795 | Lair:2   | Killed an oklob plant
 22812 | Lair:2   | Noticed Nergalle
 22836 | Lair:2   | Killed Nergalle
 22971 | Lair:2   | Reached XP level 12. HP: 64/64 MP: 16/26
 22990 | Lair:2   | Reached ***** piety under Sif Muna
 23668 | Lair:2   | Noticed Gastronok
 23748 | Lair:2   | Killed Gastronok
 24774 | Lair:3   | Noticed a catoblepas
 24830 | Lair:3   | Mangled by a catoblepas

Vault maps used:
D:1:      saegor_arrival_miasma
D:2:      kennysheep_okawaru_gauntlet
D:3:      first_bread, st_stairs_5, uniq_sigmund
D:4:      lemuel_crystal_altar
D:5:      grunt_temple_overflow_growth_and_decay, trog_eyes_of_draining,
          nicolae_overflow_crystal_walls, kennysheep_generic_room_4
D:6:      uniq_eustachio, uniq_blork_the_orc
D:7:      lemuel_slime, nicolae_overflow_hidden_temple, tgw_xom,
          cheibriados_altar_1, minmay_temple_entry_fiery, grunt_livestock
D:8:      nemelex_spade_bored_becter, uniq_pikel
D:10:     grunt_lair_entry_orc_guard_hut, mrwooster_statue_mirror, uniq_urug
Temple:   zaba_magenta_temple_12
Lair:1:   lemuel_centaur_altar, grunt_megastairs_2, infiniplex_staircase_pool_2
Lair:2:   lemuel_oklob_altar, uniq_nergalle, uniq_gastronok
Lair:3:   minmay_snake_entry_guardpost_small, roderic_carrion_pond

Skill      XL: |  1  2  3  4  5  6  7  8  9 10 11 12 |
---------------+-------------------------------------+-----
Spellcasting   | 5 6 7 8 9 |  9.2
Stealth        | 3 4 5 6 7 8 9 |  9.2
Charms         | 1 2 3 4 5 |  5.9
Evocations     | 1 2 3 4 5 |  5.0
Translocations | 2 3 4 |  4.9
Staves         | 1 2 3 |  3.4
Dodging        | 3 4 5 6 7 |  7.5
Summonings     | 2 3 4 5 6 |  6.3
Poison Magic   | 1 2 4 5 6 |  6.1
Conjurations   | 2 3 4 5 6 |  6.8
Fire Magic     | 1 2 3 4 |  4.7
Hexes          | 2 3 4 5 7 |  7.4
Bows           | 2 3 |  3.2
Necromancy     | 3 4 7 8 |  8.1
Invocations    | 1 2 4 |  4.8

Action                   |  1- 3 |  4- 6 |  7- 9 | 10-12 || total
-------------------------+-------+-------+-------+-------++-------
Melee: Unarmed           |     1 |       |       |       ||     1
       Staff             |    10 |    45 |     5 |    47 ||   107
       Shortbow          |       |       |     1 |     1 ||     2
 Fire: Shortbow          |       |       |   165 |    38 ||   203
Throw: Throwing net      |       |       |       |     1 ||     1
       Javelin           |       |       |       |     7 ||     7
 Cast: Magic Dart        |   105 |   146 |   254 |   470 ||   975
       Call Imp          |     2 |    10 |    41 |    81 ||   134
       Repel Missiles    |     1 |       |       |     3 ||     4
       Mephitic Cloud    |       |    12 |    46 |    85 ||   143
       Conjure Flame     |       |       |    20 |    21 ||    41
       Animate Dead      |       |       |     8 |    12 ||    20
       Slow              |       |       |     2 |    22 ||    24
       Blink             |       |       |     2 |     8 ||    10
       Sting             |       |       |       |   372 ||   372
       Control Undead    |       |       |       |     5 ||     5
       Bolt of Draining  |       |       |       |    38 ||    38
       Cigotuvi's Embrac |       |       |       |    29 ||    29
Invok: Channel Energy    |       |       |     6 |    48 ||    54
       Forget Spell      |       |       |       |     1 ||     1
Evoke: Wand              |       |       |       |     5 ||     5
  Use: Scroll            |       |       |     8 |    17 ||    25
       Potion            |       |       |       |     5 ||     5
 Stab: Confused          |       |     6 |     1 |     1 ||     8
       Sleeping          |       |       |     1 |       ||     1
  Eat: Chunk             |    10 |     9 |    14 |    35 ||    68
       Pizza             |       |       |     2 |     2 ||     4
       Fruit             |       |       |       |     2 ||     2
       Bread ration      |       |       |       |     3 ||     3
       Meat ration       |       |       |       |     2 ||     2
Armor: Robe              |     8 |    15 |    33 |    95 ||   151
Dodge: Dodged            |    27 |    25 |    64 |   216 ||   332
       Deflected         |     1 |       |     4 |     9 ||    14
Block: Other             |       |       |     7 |    74 ||    81
       Reflection        |       |       |       |     3 ||     3
